 Dungeon Crawl Stone Soup version 0.29-a0-91-gdebf4667c2 (webtiles) character file.

Game seed: 6917858683455665780

16 Hubjo the Sneak (level 2, 0/21 HPs)
             Began as a Vampire Enchanter on Feb 8, 2022.
             Slain by a phantom (8 damage)
             ... on level 2 of the Dungeon.
             The game lasted 00:01:23 (1042 turns).

Hubjo the Sneak (Vampire Enchanter)                 Turns: 1042, Time: 00:01:26

Health: 0/21       AC:  3    Str:  7    XL:     2   Next: 37%
Magic:  5/5        EV: 12    Int: 17    God:
Gold:   40         SH:  0    Dex: 14    Spells: 5/5 levels left

rFire   . . .      SeeInvis +   a - +1 dagger
rCold   . . .      Faith    .   (no shield)
rNeg    . . .      Spirit   .   b - +0 robe
rPois   .          Reflect  .   e - +0 helmet
rElec   .          Harm     .   (no cloak)
rCorr   .          Rampage  .   (no gloves)
Will    .....                   (no boots)
Stlth   +++.......              (no amulet)
HPRegen 0.27/turn               (no ring)
MPRegen 0.09/turn               (no ring)

@: healing quickly
A: alive, fangs 3, see invisible, vampiric 1
a: Exsanguinate


You were on level 2 of the Dungeon.
You visited 1 branch of the dungeon, and saw 2 of its levels.

You collected 40 gold pieces.

Inventory:

Hand Weapons
 a - a +1 dagger (weapon)
Missiles
 d - 4 javelins (quivered)
Armour
 b - a +0 robe (worn)
 e - a +0 helmet (worn)
Potions
 c - a potion of invisibility


   Skills:
 * Level 1.0 Fighting
 + Level 1.4 Short Blades
 + Level 2.3 Dodging
 * Level 4.8 Stealth
 - Level 2.0 Spellcasting
 + Level 4.5 Hexes


You had 5 spell levels left.
You didn't know any spells.
Your spell library contained the following spells:

 Spells                   Type           Power      Damage    Failure   Level
 Confusing Touch          Hex            17%        N/A       9%          3
 Tukima's Dance           Hex            17%        N/A       9%          3
 Ensorcelled Hibernation  Hex/Ice        18%        N/A       12%         2
 Dazzling Flash           Conj/Hex       18%        N/A       22%         3


Dungeon Overview and Level Annotations

Branches:
Dungeon (2/15)

Altars:


Innate Abilities, Weirdness & Mutations

Your natural rate of healing is accelerated.
You have razor-sharp teeth.
You have supernaturally acute eyesight. (SInv)
You are afflicted with vampirism.


Message History

You are too injured to fight recklessly!
You are too injured to fight recklessly!
You are too injured to fight recklessly!
You are too injured to fight recklessly!
You are too injured to fight recklessly!
You are too injured to fight recklessly!
You are too injured to fight recklessly!
You are too injured to fight recklessly!
You are too injured to fight recklessly!
You are too injured to fight recklessly!
As you read the scroll labelled ZOID ORGHYDI JOU, it crumbles to dust.
It is a scroll of identify.
You don't have any unidentified items.
The phantom closely misses you.
You hit the phantom but do no damage. Your bite misses the phantom.
The phantom is moderately damaged.
The bat hits you but does no damage. The phantom hits you.
* * * LOW HITPOINT WARNING * * *
The phantom blinks!
You blink.
Found 11 stones.
The bat barely misses you. The bat hits you but does no damage.
The bat closely misses you.
A ball python comes into view.
The bat barely misses you.
A kobold comes into view. It is wielding a +0 whip.
Throw: 6 javelins
Press: ? - help, Q - select action Shift-Dir - straight line, f - phantom
Aim: a phantom (moderately damaged, 46% to hit)
You throw a javelin. The javelin misses the phantom.
The kobold shouts!
The javelin pierces through the bat.
You kill the bat!
The phantom closely misses you. x2
Throw: 5 javelins
Press: ? - help, Q - select action Shift-Dir - straight line, f/p - phantom
Aim: a phantom (moderately damaged, 46% to hit)
You throw a javelin.
The javelin completely misses the phantom.
The phantom hits you!
You die...

...........
..........
..........
#.......# #.#
#..K(...# #.#
#.......#########.#
#.................#
#....S@...........#
#######W..........#
#.†.........#####
#.(..............
#..........######
#..........# #
#..........# #
#......(...# #
#..........# #


You could see a phantom, a ball python and a kobold.

Vanquished Creatures
  5 bats
  5 endoplasms (D:1)
  A hobgoblin (D:1)
  A ball python (D:1)
  2 frilled lizards
  2 rats (D:1)
16 creatures vanquished.

Notes
Turn   | Place    | Note
-------+----------+-------------------------------------------
     0 | D:1      | Hubjo the Vampire Enchanter began the quest for the Orb.
     0 | D:1      | Reached XP level 1. HP: 13/13 MP: 3/3
   441 | D:1      | Reached XP level 2. HP: 16/20 MP: 5/5
   971 | D:2      | Reached skill level 1 in Fighting
  1025 | D:2      | Noticed a phantom
  1042 | D:2      | Slain by a phantom

Illustrated notes

Levels and vault maps discovered:
D:1:      co_arrival_random_square_maze, layout_basic
D:2:      layout_basic, ebering_ecumenical_altar_hall, hangedman_decor_opposing

Skill      XL: |  1  2 |
---------------+-------+-----
Fighting       | 1 |  1.0
Short Blades   | |  1.4
Dodging        | |  2.3
Stealth        | |  4.8
Spellcasting   | |  2.0
Hexes          | |  4.5

Action                   || total
-------------------------++-------
Melee: Dagger            ||    57
       Bite              ||     6
       Punch             ||     4
Throw: Javelin           ||     2
  Use: Scroll            ||     1
 Stab: Sleeping          ||     6
Armor: Robe              ||    14
Dodge: Dodged            ||    45

Table legend: (Time is in decaauts)
 A = Elapsed time spent in this place.
 B = Non-inter-level travel time spent in this place.
 C = Inter-level travel time spent in this place.
 D = Time resting spent in this place.
 E = Time spent auto-exploring this place.
 F = Levels seen in this place.
 G = Mean time per level.
                   A        B        C        D        E       F      G
               +--------+--------+--------+--------+--------+-----+--------+
         Total |   1038 |   1016 |     22 |      0 |    860 |   2 |  519.0 |
       Dungeon |   1038 |   1016 |     22 |      0 |    860 |   2 |  519.0 |
               +--------+--------+--------+--------+--------+-----+--------+

Top non-repeatable levels by time:
     D:1: 947 daAuts
     D:2: 90 daAuts
